 Dungeon Crawl Stone Soup version 0.29-a0-542-g075992c915 (webtiles) character file.

Game seed: 2997158345947301306

643 jifgo the Covered (level 7, -2/44 HPs)
             Began as a Gargoyle Fighter on June 5, 2022.
             Slain by an ogre
             ... wielding a +0 giant club
              (15 damage)
             ... on level 5 of the Dungeon.
             The game lasted 00:06:40 (3951 turns).

jifgo the Covered (Gargoyle Fighter)                Turns: 3951, Time: 00:06:40

Health: -2/44      AC: 20    Str: 22    XL:     7   Next: 51%
Magic:  7/7        EV:  6    Int:  8    God:
Gold:   216        SH:  5    Dex: 15    Spells: 6/6 levels left

rFire   + . .      SeeInvis .   q - +5 whip of Calculation {venom, rElec}
rCold   + + .      Faith    .   c - +0 buckler
rNeg    + . .      Spirit   .   u - +0 plate armour
rPois   ∞          Reflect  .   (no helmet)
rElec   +          Harm     .   w - scarf {rC+ rF+}
rCorr   .          Rampage  .   l - +0 pair of gloves
Will    .....                   j - +1 pair of boots
Stlth   ..........              (no amulet)
HPRegen 0.14/turn               b - ring of protection from cold
MPRegen 0.10/turn               y - +6 ring of dexterity

@: no status effects
A: sickness immunity, AC +4, negative energy resistance 1, electricity
resistance, torment resistance 1, petrification resistance
a: no special abilities


You were on level 5 of the Dungeon.
You visited 1 branch of the dungeon, and saw 5 of its levels.

You collected 216 gold pieces.

Inventory:

Hand Weapons
 a - a +0 flail
 q - the +5 whip of Calculation (weapon) {venom, rElec}
   (You found it on level 2 of the Dungeon)

   It poisons the flesh of those it strikes.
   rElec:     It insulates you from electricity.
Missiles
 n - 6 poisoned darts (quivered)
 x - 2 boomerangs
Armour
 c - a +0 buckler (worn)
 j - a +1 pair of boots (worn)
 l - a +0 pair of gloves (worn)
 u - a +0 plate armour (worn)
 w - a scarf of resistance (worn)
Jewellery
 b - a ring of protection from cold (left hand)
 y - a +6 ring of dexterity (right hand)
 C - an amulet of magic regeneration
Scrolls
 i - 2 scrolls of identify {unknown}
 m - a scroll of torment {unknown}
 p - 3 scrolls of teleportation {unknown}
 r - 2 scrolls of enchant armour {unknown}
 s - a scroll of fear {unknown}
 t - 3 scrolls of enchant weapon {unknown}
 v - a scroll of immolation {unknown}
 D - a scroll of blinking {unknown}
Potions
 d - a potion of might
 e - a potion of heal wounds {unknown}
 f - 4 potions of curing {unknown}
 g - 2 potions of brilliance {unknown}
 h - a potion of degeneration {unknown}
 k - a potion of attraction {unknown}
 o - 3 potions of ambrosia {unknown}
 z - 2 potions of haste {unknown}
 A - a potion of berserk rage {unknown}
 B - a potion of resistance {unknown}


   Skills:
 + Level 5.4 Fighting
 + Level 4.3 Maces & Flails
 + Level 5.4 Armour
 + Level 5.3 Shields


You had 6 spell levels left.
You didn't know any spells.
Your spell library contained the following spells:

 Spells                   Type           Power      Damage    Failure   Level
 Gell's Gravitas          Tloc           0%         N/A       100%        3
 Teleport Other           Tloc           0%         N/A       100%        3
 Dispersal                Tloc           0%         N/A       100%        6


Dungeon Overview and Level Annotations

Branches:
Dungeon (5/15)
 Temple: D:4-7

Altars:


Innate Abilities, Weirdness & Mutations

You are immune to sickness and miasma.
Your stone body is resilient. (AC +4)
You are immune to poison.
You resist negative energy. (rN+)
You are resistant to electric shocks. (rElec)
You are resistant to unholy torment.
You are immune to petrification.


Message History

* * * LOW HITPOINT WARNING * * *
You block the orc priest's attack.
You hit the orc priest.
The orc priest is poisoned.
The orc priest is moderately wounded.
The orc priest calls upon Beogh to heal the orc priest.
The orc priest is healed somewhat.
The orc priest hits you with a +0 dagger.
* * * LOW HITPOINT WARNING * * *
You whack the orc priest!
The orc priest looks as sick as possible!
The orc priest is severely wounded.
You kill the orc priest!
Unknown command.
You hit the orc priest.
The orc priest is moderately wounded.
The orc priest hits you but does no damage.
You hit the orc priest.
The orc priest is poisoned.
The orc priest is moderately wounded.
The orc priest hits you but does no damage.
Unknown command.
You hit the orc priest.
The orc priest is almost dead.
The orc priest hits you but does no damage.
You hit the orc priest.
You kill the orc priest!
You whack the ogre!
The ogre is poisoned.
The ogre is moderately wounded.
The ogre hits you with a +0 giant club.
* * * LOW HITPOINT WARNING * * *
You whack the ogre!
The ogre looks as sick as possible!
The ogre is severely wounded.
Unknown command.
You hit the ogre.
The ogre looks as sick as possible!
The ogre is almost dead.
The ogre hits you with a +0 giant club.
* * * LOW HITPOINT WARNING * * *
You closely miss the ogre.
The ogre is almost dead.
The ogre hits you with a +0 giant club!
You die...

##.#..## #.. .....#.
##.#..# #.##)..###
......# ####.........
##.#.####.....##.####
...#..........##.#######
#########...............
#.....##.######
#.....##)# ########@#
#O# #.# #.# ..# ###


You could see an ogre (extremely poisoned).

Vanquished Creatures
  An ogre (D:4)
  2 scorpions (D:4)
  A bullfrog (D:4)
  2 orc priests (D:5)
  A hound (D:5)
  A gnoll shaman (D:5)
  Natasha (thrice) (D:3)
  5 adders
  3 gnolls (D:5)
  An ufetubus (D:4)
  2 worms
  2 dart slugs (D:3)
  9 orcs
  8 ball pythons
  6 bats
  8 endoplasms
  4 giant cockroaches
  4 goblins
  6 hobgoblins
  4 jackals (D:4)
  7 kobolds
  4 quokkas
  6 frilled lizards
  9 rats
99 creatures vanquished.

Notes
Turn   | Place    | Note
-------+----------+-------------------------------------------
     0 | D:1      | jifgo the Gargoyle Fighter began the quest for the Orb.
     0 | D:1      | Reached XP level 1. HP: 14/14 MP: 1/1
   214 | D:1      | Reached XP level 2. HP: 18/19 MP: 2/2
   642 | D:1      | Reached XP level 3. HP: 14/24 MP: 3/3
   787 | D:1      | Found a faded altar of an unknown god.
  1278 | D:2      | Identified the +5 whip of Calculation {venom, rElec}
  1410 | D:2      | Reached XP level 4. HP: 27/29 MP: 4/4
  2186 | D:3      | Noticed Natasha
  2204 | D:3      | Killed Natasha
  2205 | D:3      | Reached XP level 5. HP: 26/33 MP: 5/5
  2461 | D:3      | Noticed Natasha
  2467 | D:3      | Killed Natasha
  2687 | D:3      | Noticed Natasha
  2694 | D:3      | Killed Natasha
  2855 | D:4      | Reached XP level 6. HP: 25/39 MP: 6/6
  3166 | D:4      | Reached skill level 5 in Fighting
  3166 | D:4      | Reached skill level 5 in Armour
  3340 | D:4      | Reached XP level 7. HP: 44/44 MP: 7/7
  3695 | D:5      | Entered Level 5 of the Dungeon
  3700 | D:5      | Reached skill level 5 in Shields
  3951 | D:5      | Slain by an ogre

Illustrated notes

Levels and vault maps discovered:
D:1:      saegor_arrival_simple_c, layout_rooms, shapermc_ecumenical_altar_venn
D:2:      layout_loops_ring, hangedman_decor_push
D:3:      kennysheep_six_static_rooms, layout_basic, serial_co_window_serial,
          co_window_corner_a, co_window_paths_a, co_window_of_opportunity_a,
          co_window_paths_a, co_window_paths_a, co_window_of_opportunity_b,
          co_window_2corner, co_window_corner_ca, glass_columns_b,
          glass_columns_a, grunt_decor_junction, kennysheep_crisscross,
          uniq_natasha
D:4:      nicolae_BIG_FREAKIN_CUBE, layout_loops_ring
D:5:      layout_loops_ring, serial_shops, nicolae_shop_overgrown_old_shop,
          uniq_blork_the_orc

Skill      XL: |  1  2  3  4  5  6  7 |
---------------+----------------------+-----
Fighting       | 4 5 |  5.4
Armour         | 4 5 |  5.4
Shields        | 4 5 |  5.3
Maces & Flails | 3 4 |  4.3

Action                   |  1- 3 |  4- 6 |  7- 9 || total
-------------------------+-------+-------+-------++-------
Melee: Flail             |   106 |       |       ||   106
       Whip              |     9 |   130 |    46 ||   185
Throw: Dart              |       |     1 |       ||     1
Armor: Scale mail        |    81 |    14 |       ||    95
       Plate armour      |       |    44 |    30 ||    74
Dodge: Dodged            |    71 |    46 |    12 ||   129
Block: Buckler           |    25 |    30 |     8 ||    63

Table legend: (Time is in decaauts)
 A = Elapsed time spent in this place.
 B = Non-inter-level travel time spent in this place.
 C = Inter-level travel time spent in this place.
 D = Time resting spent in this place.
 E = Time spent auto-exploring this place.
 F = Levels seen in this place.
 G = Mean time per level.
                   A        B        C        D        E       F      G
               +--------+--------+--------+--------+--------+-----+--------+
         Total |   3980 |   3874 |    106 |    583 |   2355 |   5 |  796.0 |
       Dungeon |   3980 |   3874 |    106 |    583 |   2355 |   5 |  796.0 |
               +--------+--------+--------+--------+--------+-----+--------+

Top non-repeatable levels by time:
     D:3: 1038 daAuts
     D:1: 1031 daAuts
     D:4: 975 daAuts
     D:2: 811 daAuts
     D:5: 123 daAuts
